PR
LONG ISLAND DUCKS @ HUDSONVILLE FLANDERSES
06/16/2038
 
TOP OF THE 1ST
Long Island Ducks batting - Pitching for Hudsonville Flanderses : LHP Lance Simmons
Pitching: LHP Lance Simmons
Batting: RHB Ricardo Urquijo 0-0: Ball
1-0: Ball
2-0: Called Strike
2-1: Swinging Strike
2-2: Ball
3-2: Fly out, F7 (Flyball, 7S, EV 84.4 MPH)
Batting: RHB Juan Sierra 0-0: Foul Ball, location: 2F
0-1: Ball
1-1: Foul Ball, location: 2F
1-2: SOLO HOME RUN (Flyball, 89XD, EV 93.1 MPH), Distance : 407 ft
Batting: RHB Daniel Morel 0-0: Foul Ball, location: 2F
0-1: Ball
1-1: Fly out, F9 (Flyball, 89S, EV 88.8 MPH)
Batting: RHB Doug Dendy 0-0: Ball
1-0: Called Strike
1-1: Fly out, F5 (Line Drive, 5, EV 65.6 MPH)
Top of the 1st over - 1 run, 1 hit, 0 errors, 0 left on base; Long Island 1 - Hudsonville 0
BOTTOM OF THE 1ST
Hudsonville Flanderses batting - Pitching for Long Island Ducks : RHP Emilio Zatori
Pitching: RHP Emilio Zatori
Batting: RHB Cristo Lucas 0-0: Ball
1-0: Fly out, F9 (Flyball, 9, EV 84.4 MPH)
Batting: SHB Francisco Daulong 0-0: Called Strike
0-1: Swinging Strike
0-2: Strikes out looking
Batting: LHB Anton Zdravomyslov 0-0: Ball
1-0: Ball
2-0: DOUBLE (Line Drive, 78XD, EV 108.1 MPH)
Batting: RHB Wendel Koudstaal 0-0: Ball
1-0: DOUBLE (Groundball, 5L, EV 108.8 MPH)
Anton Zdravomyslov scores
Batting: RHB Magnus Fjord 0-0: Ball
1-0: Ball
2-0: Ball
3-0: Called Strike
3-1: Base on Balls
Batting: RHB Robert Love 0-0: Foul Ball, location: 2F
0-1: Foul Ball, location: 2F
0-2: Fielders Choice at 2nd, 6-4 (Groundball, 56, EV 83.8 MPH)
Bottom of the 1st over - 1 run, 2 hits, 0 errors, 2 left on base; Long Island 1 - Hudsonville 1
TOP OF THE 2ND
Long Island Ducks batting - Pitching for Hudsonville Flanderses : LHP Lance Simmons
Batting: RHB Fosco Cecon 0-0: Called Strike
0-1: Ball
1-1: Called Strike
1-2: Fly out, F8 (Line Drive, 8RM, EV 103.8 MPH)
Batting: RHB José Flores 0-0: Swinging Strike
0-1: Ball
1-1: Called Strike
1-2: Foul Ball, location: 2F
1-2: Foul Ball, location: 2F
1-2: Ball
2-2: Ball
3-2: Ground out 6-3 (Groundball, 6MS, EV 66.2 MPH)
Batting: RHB Benoît Baudry 0-0: Ball
1-0: Ball
2-0: Fly out, F8 (Flyball, 89D, EV 108.1 MPH)
Top of the 2nd over - 0 runs, 0 hits, 0 errors, 0 left on base; Long Island 1 - Hudsonville 1
BOTTOM OF THE 2ND
Hudsonville Flanderses batting - Pitching for Long Island Ducks : RHP Emilio Zatori
Batting: RHB Iván Coello 0-0: Called Strike
0-1: Ball
1-1: Swinging Strike
1-2: Ball
2-2: Strikes out looking
Batting: RHB Rich Williams 0-0: Called Strike
0-1: Foul Ball, location: 2F
0-2: Ball
1-2: Ball
2-2: Ball
3-2: Strikes out swinging
Batting: RHB Yosuke Konishi 0-0: Swinging Strike
0-1: Swinging Strike
0-2: Strikes out swinging
Bottom of the 2nd over - 0 runs, 0 hits, 0 errors, 0 left on base; Long Island 1 - Hudsonville 1
TOP OF THE 3RD
Long Island Ducks batting - Pitching for Hudsonville Flanderses : LHP Lance Simmons
Batting: SHB William Anderson 0-0: Reached on error, E1 (Groundball, 15, EV 82.5 MPH)
Batting: LHB Alexandre Prost 0-0: Foul Ball, location: 2F
0-1: Ball
1-1: Ball
2-1: Ball
3-1: Called Strike
3-2: Base on Balls
Batting: RHB Ricardo Urquijo 0-0: Fly out, F8 (Flyball, 8LS, EV 84.4 MPH)
Batting: RHB Juan Sierra 0-0: Called Strike
0-1: TRIPLE (Flyball, 78XD, EV 96.2 MPH)
William Anderson scores
Alexandre Prost scores
Batting: RHB Daniel Morel 0-0: Ball
1-0: Called Strike
1-1: Ball
2-1: Swinging Strike
2-2: Foul Ball, location: 2F
2-2: SINGLE (Line Drive, 78M, EV 100.0 MPH)
Juan Sierra scores
Batting: RHB Doug Dendy 0-0: Called Strike
0-1: Ball
1-1: Fielders Choice at 2nd, 6-4 (Groundball, 6M, EV 88.1 MPH)
Batting: RHB Fosco Cecon 0-0: Foul Ball, location: 2F
0-1: Ball
1-1: Ground out 4-3 (Groundball, 34D, EV 110.6 MPH)
Top of the 3rd over - 3 runs, 2 hits, 1 error, 1 left on base; Long Island 4 - Hudsonville 1
BOTTOM OF THE 3RD
Hudsonville Flanderses batting - Pitching for Long Island Ducks : RHP Emilio Zatori
Batting: RHB Cristo Lucas 0-0: Called Strike
0-1: Ball
1-1: Foul Ball, location: 2F
1-2: SINGLE (Groundball, 4MD, EV 100.6 MPH)
Batting: SHB Francisco Daulong 0-0: SINGLE (Groundball, 34, EV 101.2 MPH) - runner OUT being hit by batted ball. (infield hit)
Batting: LHB Anton Zdravomyslov 0-0: TRIPLE (Line Drive, 89XD, EV 111.2 MPH)
Francisco Daulong scores
Batting: RHB Wendel Koudstaal 0-0: Ball
1-0: Fly out, F7 (Flyball, 7D, EV 95.6 MPH)
Runner from 3rd tags up, SCORES, no throw by LF
Batting: RHB Magnus Fjord 0-0: Ball
1-0: Fly out, F6 (Popup, 6M, EV 63.1 MPH)
Bottom of the 3rd over - 2 runs, 3 hits, 0 errors, 0 left on base; Long Island 4 - Hudsonville 3
TOP OF THE 4TH
Long Island Ducks batting - Pitching for Hudsonville Flanderses : LHP Lance Simmons
Batting: RHB José Flores 0-0: Foul Ball, location: 2F
0-1: Swinging Strike
0-2: Foul Ball, location: 2F
0-2: SINGLE (Flyball, 7S, EV 91.2 MPH)
Batting: RHB Benoît Baudry 0-0: Swinging Strike
0-1: Ball
1-1: Ball
2-1: Ground out 4-3 (Groundball, 34, EV 91.9 MPH)
José Flores to second
Batting: SHB William Anderson 0-0: Ball
1-0: Called Strike
1-1: Swinging Strike
1-2: Foul Ball, location: 2F
1-2: Strikes out swinging
Batting: LHB Alexandre Prost 0-0: Reached on error, E9 (Flyball, 9LS, EV 90.0 MPH)
José Flores scores
Batting: RHB Ricardo Urquijo 0-0: Ball
1-0: Foul Ball, location: 2F
1-1: Swinging Strike
1-2: Ball
2-2: Ball
3-2: Base on Balls
Batting: RHB Juan Sierra 0-0: Ball
1-0: Foul Ball, location: 2F
1-1: Ball
2-1: Foul Ball, location: 2F
2-2: Fly out, F8 (Flyball, 8RM, EV 87.5 MPH)
Top of the 4th over - 1 run, 1 hit, 1 error, 2 left on base; Long Island 5 - Hudsonville 3
BOTTOM OF THE 4TH
Hudsonville Flanderses batting - Pitching for Long Island Ducks : RHP Emilio Zatori
Batting: RHB Robert Love 0-0: Foul Ball, location: 2F
0-1: Foul Ball, location: 2F
0-2: Ball
1-2: Strikes out swinging
Batting: RHB Iván Coello 0-0: Ball
1-0: Ball
2-0: Ball
3-0: Base on Balls
Batting: RHB Rich Williams 0-0: Swinging Strike
0-1: Called Strike
0-2: Ball
1-2: Reached on error, E5 (Groundball, 5, EV 88.1 MPH)
Iván Coello to second
Batting: RHB Yosuke Konishi 0-0: SINGLE (Flyball, 9LM, EV 95.6 MPH)
Iván Coello to third
Rich Williams to second
Runner from 3rd tries for Home, SAFE, no throw by RF
Batting: RHB Cristo Lucas 0-0: Called Strike
0-1: Foul Ball, location: 2F
0-2: Foul Ball, location: 2F
0-2: DOUBLE (Line Drive, 8LXD, EV 106.9 MPH)
Rich Williams scores
Yosuke Konishi to third
Batting: SHB Francisco Daulong 0-0: Ball
1-0: Ground out 4-3 (Groundball, 34D, EV 98.1 MPH)
Yosuke Konishi scores
Cristo Lucas to third
Batting: LHB Anton Zdravomyslov 0-0: Ball
1-0: Called Strike
1-1: Ball
2-1: Foul Ball, location: 2F
2-2: SINGLE (Groundball, 34D, EV 96.9 MPH)
Cristo Lucas scores
Pitching: RHP Jaake Ooyendijk
Batting: RHB Wendel Koudstaal 0-0: Called Strike
0-1: Ball
1-1: Called Strike
1-2: Fielders Choice at 2nd, 5-4 (Groundball, 56, EV 98.1 MPH)
Bottom of the 4th over - 4 runs, 3 hits, 1 error, 1 left on base; Long Island 5 - Hudsonville 7
TOP OF THE 5TH
Long Island Ducks batting - Pitching for Hudsonville Flanderses : LHP Lance Simmons
Batting: RHB Daniel Morel 0-0: SINGLE (Groundball, 5D, EV 98.1 MPH)
Batting: RHB Doug Dendy 0-0: Ball
1-0: Called Strike
1-1: DOUBLE (Flyball, 8RXD, EV 105.0 MPH)
Daniel Morel to third
Pitching: LHP Masaki Ito
Batting: RHB Fosco Cecon 0-0: Called Strike
0-1: Ball
1-1: Ball
2-1: Ground out 6-3 (Groundball, 6, EV 78.8 MPH)
Daniel Morel scores
Batting: RHB José Flores 0-0: Ball
1-0: Called Strike
1-1: Ball
2-1: Foul Ball, location: 2F
2-2: Strikes out swinging
Batting: RHB Benoît Baudry 0-0: Called Strike
0-1: Swinging Strike
0-2: Ball
1-2: Ball
2-2: Ball
3-2: Base on Balls
Batting: SHB William Anderson 0-0: Fly out, F7 (Line Drive, 7, EV 110.6 MPH)
Top of the 5th over - 1 run, 2 hits, 0 errors, 2 left on base; Long Island 6 - Hudsonville 7
BOTTOM OF THE 5TH
Hudsonville Flanderses batting - Pitching for Long Island Ducks : RHP Jaake Ooyendijk
Batting: RHB Magnus Fjord 0-0: Ground out 6-3 (Groundball, 6, EV 103.1 MPH)
Batting: RHB Robert Love 0-0: Ball
1-0: Hit by Pitch
Batting: RHB Iván Coello 0-0: Foul Ball, location: 2F
0-1: Called Strike
0-2: Strikes out looking
Batting: RHB Rich Williams 0-0: Ball
1-0: Fly out, F8 (Flyball, 89D, EV 102.5 MPH)
Bottom of the 5th over - 0 runs, 0 hits, 0 errors, 1 left on base; Long Island 6 - Hudsonville 7
TOP OF THE 6TH
Long Island Ducks batting - Pitching for Hudsonville Flanderses : LHP Masaki Ito
Batting: LHB Alexandre Prost 0-0: Fly out, F9 (Flyball, 9, EV 92.5 MPH)
Batting: RHB Ricardo Urquijo 0-0: Ball
1-0: SINGLE (Groundball, 4M, EV 97.5 MPH)
Batting: RHB Juan Sierra 0-0: Called Strike
0-1: Ball
1-1: Swinging Strike
1-2: Ball
2-2: Ball
3-2: SINGLE (Groundball, 56, EV 88.8 MPH) (infield hit)
Ricardo Urquijo to second
Batting: RHB Daniel Morel 0-0: Ball
1-0: Foul Ball, location: 2F
1-1: Called Strike
1-2: SINGLE (Groundball, 4MD, EV 96.2 MPH)
Ricardo Urquijo to third
Juan Sierra to second
Runner from 3rd tries for Home, SAFE, throw by CF to home
Now in CF: José Salas
Batting: RHB Doug Dendy 0-0: Ball
1-0: SINGLE (Groundball, 56D, EV 108.1 MPH)
Juan Sierra to third
Daniel Morel to second
Runner from 3rd tries for Home, SAFE, no throw by LF
Batting: RHB Fosco Cecon 0-0: Ball
1-0: Ball
2-0: Swinging Strike
2-1: Swinging Strike
2-2: Ball
3-2: Strikes out looking
Batting: RHB José Flores 0-0: Ground out 4-3 (Groundball, 4, EV 103.8 MPH)
Top of the 6th over - 2 runs, 4 hits, 0 errors, 2 left on base; Long Island 8 - Hudsonville 7
BOTTOM OF THE 6TH
Hudsonville Flanderses batting - Pitching for Long Island Ducks : RHP Jaake Ooyendijk
Batting: RHB Yosuke Konishi 0-0: Ground out 4-3 (Groundball, 34, EV 87.5 MPH)
Batting: RHB Cristo Lucas 0-0: Ball
1-0: Ball
2-0: Called Strike
2-1: Called Strike
2-2: Ball
3-2: Fly out, F8 (Flyball, 8RM, EV 83.1 MPH)
Batting: SHB Francisco Daulong 0-0: Foul Ball, location: 2F
0-1: Foul Ball, location: 2F
0-2: SINGLE (Line Drive, 56D, EV 96.9 MPH)
Batting: LHB Anton Zdravomyslov 0-0: Called Strike
0-1: SINGLE (Line Drive, 7S, EV 92.5 MPH)
Francisco Daulong to second
Batting: RHB Wendel Koudstaal 0-0: Called Strike
0-1: Fly out, F9 (Flyball, 9, EV 89.4 MPH)
Bottom of the 6th over - 0 runs, 2 hits, 0 errors, 2 left on base; Long Island 8 - Hudsonville 7
TOP OF THE 7TH
Long Island Ducks batting - Pitching for Hudsonville Flanderses : LHP Masaki Ito
Batting: RHB Benoît Baudry 0-0: Swinging Strike
0-1: Ground out 5-3 (Groundball, 56, EV 86.2 MPH)
Batting: SHB William Anderson 0-0: Ball
1-0: Called Strike
1-1: Foul Ball, location: 2F
1-2: Fly out, F7 (Flyball, 7D, EV 98.8 MPH)
Batting: LHB Alexandre Prost 0-0: Ball
1-0: Ball
2-0: Swinging Strike
2-1: Foul Ball, location: 2F
2-2: Ball
3-2: Strikes out swinging
Top of the 7th over - 0 runs, 0 hits, 0 errors, 0 left on base; Long Island 8 - Hudsonville 7
BOTTOM OF THE 7TH
Hudsonville Flanderses batting - Pitching for Long Island Ducks : RHP Jaake Ooyendijk
Batting: RHB José Salas 0-0: Called Strike
0-1: Ball
1-1: Called Strike
1-2: Ball
2-2: Ball
3-2: Strikes out swinging
Batting: RHB Robert Love 0-0: Ball
1-0: Foul Ball, location: 2F
1-1: Swinging Strike
1-2: Ball
2-2: Strikes out swinging
Batting: RHB Iván Coello 0-0: Called Strike
0-1: Foul Ball, location: 2F
0-2: Ball
1-2: Ball
2-2: Ball
3-2: Base on Balls
Batting: RHB Rich Williams 0-0: Swinging Strike
0-1: Called Strike
0-2: Ball
1-2: Ball
2-2: Strikes out looking
Bottom of the 7th over - 0 runs, 0 hits, 0 errors, 1 left on base; Long Island 8 - Hudsonville 7
TOP OF THE 8TH
Long Island Ducks batting - Pitching for Hudsonville Flanderses : LHP Masaki Ito
Batting: RHB Ricardo Urquijo 0-0: Called Strike
0-1: Foul Ball, location: 2F
0-2: Fly out, F9 (Flyball, 9S, EV 85.6 MPH)
Batting: RHB Juan Sierra 0-0: Ball
1-0: Ball
2-0: Ball
3-0: Called Strike
3-1: Fly out, F9 (Flyball, 9LMF, EV 101.9 MPH)
Batting: RHB Daniel Morel 0-0: Ball
1-0: Called Strike
1-1: Ball
2-1: Called Strike
2-2: Ball
3-2: Base on Balls
Pitching: LHP Arto Kimmonen
Batting: RHB Doug Dendy 0-0: Foul Ball, location: 2F
0-1: Ball
1-1: Ground out 1-3 (Groundball, 13S, EV 63.1 MPH)
Top of the 8th over - 0 runs, 0 hits, 0 errors, 1 left on base; Long Island 8 - Hudsonville 7
BOTTOM OF THE 8TH
Hudsonville Flanderses batting - Pitching for Long Island Ducks : RHP Jaake Ooyendijk
Batting: RHB Yosuke Konishi 0-0: Swinging Strike
0-1: Ball
1-1: Ball
2-1: Ball
3-1: Swinging Strike
3-2: Foul Ball, location: 2F
3-2: Strikes out swinging
Batting: RHB Cristo Lucas 0-0: Called Strike
0-1: Called Strike
0-2: Strikes out swinging
Pitching: RHP Finley Brinley
Batting: SHB Francisco Daulong 0-0: Foul Ball, location: 2F
0-1: Foul Ball, location: 2F
0-2: Strikes out swinging
Bottom of the 8th over - 0 runs, 0 hits, 0 errors, 0 left on base; Long Island 8 - Hudsonville 7
TOP OF THE 9TH
Long Island Ducks batting - Pitching for Hudsonville Flanderses : LHP Arto Kimmonen
Batting: RHB Fosco Cecon 0-0: Swinging Strike
0-1: Ball
1-1: Ground out 1-3 (Groundball, 13, EV 93.1 MPH)
Batting: RHB José Flores 0-0: Ball
1-0: Swinging Strike
1-1: Foul Ball, location: 2F
1-2: Fly out, F7 (Flyball, 7, EV 80.6 MPH)
Batting: RHB Benoît Baudry 0-0: SINGLE (Line Drive, 78S, EV 93.8 MPH)
Batting: SHB William Anderson 0-0: Called Strike
0-1: Swinging Strike
0-2: Ball
1-2: Strikes out swinging
Top of the 9th over - 0 runs, 1 hit, 0 errors, 1 left on base; Long Island 8 - Hudsonville 7
BOTTOM OF THE 9TH
Hudsonville Flanderses batting - Pitching for Long Island Ducks : RHP Finley Brinley
Pitching: RHP Ian Carr
Batting: LHB Anton Zdravomyslov 0-0: Called Strike
0-1: Swinging Strike
0-2: SINGLE (Groundball, 6MD, EV 105.0 MPH)
Batting: RHB Wendel Koudstaal 0-0: Ball
1-0: Ball
2-0: Fly out, F7 (Flyball, 78M, EV 88.1 MPH)
Pinch Hitting: SHB Kensaku Usui 0-0: Ball
1-0: Grounds into double play, 6-4-3 (Groundball, 6, EV 78.1 MPH)
Bottom of the 9th over - 0 runs, 1 hit, 0 errors, 0 left on base; Long Island 8 - Hudsonville 7
Friday, April 17th, 2020 - OOTP Baseball 20.8 Build 74